 Dungeon Sprint DCSS version 0.24.0-13-gcf9b319 (webtiles) character file.

Game seed: 4582971525376784633, levelgen mode: deterministic

16831 Fang the Warrior (level 12, -7/132 HPs)
             Began as a Gargoyle Berserker on Nov 25, 2019.
             Was the Champion of Trog.
             Mangled by a reaper
             ... wielding a +3 scythe of freezing
             ... summoned by a greater mummy's death curse
              (15 damage)
             ... in the Dungeon (Sprint V: "Ziggurat Sprint") on Dec 9, 2019.
             The game lasted 00:03:36 (1227 turns).

Fang the Warrior (Gargoyle Berserker)               Turns: 1227, Time: 00:03:37

Health: -7/132     AC: 40    Str: 36    XL:     12   Next: 41%
Magic:  12/12      EV:  9    Int:  9    God:    Trog [******]
Gold:   0          SH: 33    Dex:  9    Spells: 11/11 levels left

rFire    + . .     SeeInvis .   a - +5 broad axe (drain)
rCold    . . .     Gourm    .   E - +18 shield of the Gong {rElec rN+ MR+ EV-5}
rNeg     + + .     Faith    .   b - +15 Maxwell's patent armour {-Cast -Tele rElec MR+ rCorr}
rPois    ∞         Spirit   .   (no helmet)
rElec    +         Reflect  .   (no cloak)
rCorr    +         Harm     .   (no gloves)
MR       ++...     NoTele   +   (no boots) Stlth ..........NoCast +
                                (no amulet)
HPRegen  0.32/turn              C - +6 ring of strength
MPRegen  0.13/turn              o - ring "Kiraefew" {*Drain +Fly rElec rF+ Stlth+}

@: berserking, very quick
A: negative energy resistance 1, electricity resistance, unbreathing,
petrification resistance, rot immunity, AC +8
a: Berserk, Trog's Hand, Brothers in Arms, Renounce Religion, Evoke Flight


You were in the Dungeon.
You worshipped Trog.
Trog was exalted by your worship.
You were hungry.

You visited 1 branch

Inventory:

Hand Weapons
 a - a +5 broad axe of draining (weapon)
 x - the +4 war axe of the Lurker {chop, *Corrode rPois rN+++ MR- Dex+4}
   (You found it in the Dungeon)

   It inflicts extra damage upon your enemies.
   It affects your dexterity (+4).
   It protects you from poison.
   It renders you almost immune to negative energy.
   It affects your resistance to hostile enchantments.
   It may corrode you when you take damage.
Armour
 b - the +15 Maxwell's patent armour (worn) {-Cast -Tele rElec MR+ rCorr}
   (You found it in the Dungeon)

   It insulates you from electricity.
   It affects your resistance to hostile enchantments.
   It prevents spellcasting.
   It prevents most forms of teleportation.
   It provides partial protection from all sources of acid and corrosion.
 E - the +18 shield of the Gong (worn) {rElec rN+ MR+ EV-5}
   (You found it in the Dungeon)

   It affects your evasion (-5).
   It insulates you from electricity.
   It protects you from negative energy.
   It affects your resistance to hostile enchantments.
Jewellery
 o - the ring "Kiraefew" (right hand) {*Drain +Fly rElec rF+ Stlth+}
   (You found it in the Dungeon)

   [ring of flight]

   It protects you from fire.
   It insulates you from electricity.
   It lets you fly.
   It causes draining when unequipped.
   It makes you more stealthy.
 C - a +6 ring of strength (left hand)
Wands
 g - a wand of random effects (14)
 u - a wand of disintegration (7)
 v - a wand of iceblast (7)
 w - a wand of acid (7)
Scrolls
 i - 4 scrolls of blinking
 j - 7 scrolls of fog
 k - a scroll of holy word
 l - 5 scrolls of identify
 m - 5 scrolls of remove curse
 n - 2 scrolls of fear
Potions
 d - 10 potions of curing
 e - 14 potions of heal wounds
 f - 6 potions of haste
 h - 3 potions of berserk rage
 p - 2 potions of invisibility
 q - 4 potions of resistance
 r - a potion of experience
 s - 5 potions of agility
 t - 5 potions of might
Comestibles
 c - 6 rations
 z - 5 chunks of flesh


   Skills:
 + Level 15.2 Fighting
 + Level 13.1 Axes
 + Level 15.0 Armour
 + Level 12.0 Dodging
 + Level 14.9 Shields


You had 11 spell levels left.
You didn't know any spells.
Your spell library was empty.

Dungeon Overview and Level Annotations

Branches:
Dungeon (1/1)

Altars:
Ashenzari
Cheibriados
Dithmenos
Elyvilon
Fedhas
Gozag
Hepliaklqana
Kikubaaqudgha
Makhleb
Nemelex Xobeh
Okawaru
Qazlal
Ru
Sif Muna
Trog
Uskayaw
Vehumet
Wu Jian
Xom
Yredelemnul
Zin
The Shining One
Beogh
Jiyva
Lugonu


Innate Abilities, Weirdness & Mutations

You are resistant to torment.
Your stone body is resilient. (AC +8)
You are immune to poison.
You resist negative energy. (rN+)
You are resistant to electric shocks. (rElec)
You can survive without breathing.
You are immune to petrification.
You are immune to rotting.


Message History

SHROANNG!
You closely miss the reaper. You closely miss the ushabti.
You completely miss the reaper. You hit the ushabti. You slice the reaper!!
The reaper is moderately wounded.
You slash the ushabti! You block the reaper's attack.
PTOANNNG!
You block the ushabti's attack.
GONNNNG!
You slice the reaper!!
The reaper is severely wounded.
You slice the ushabti!!
You feel the power of Trog in you as your rage grows.
You destroy the ushabti!
Trog accepts your kill.
You closely miss the reaper.
The reaper is severely wounded.
The reaper shouts, "Die, Fang!"
The reaper hits you with a +3 scythe of freezing!
You die...

▓...8©8...▓
▓..}:=:)..▓..)}.}}..▓
▓..)=:}|..▓....||[..▓
▓.........▓.........▓
▓.........▓.........▓
▓.........▓.....)...▓
▓.........▓.........▓
▓.........▓.▓..)..▓.▓
▓.▓..(@2▓.▓....©....▓
▓....©....▓▓▓▓▓▓▓▓▓▓▓
▓▓▓▓▓▓▓▓▓▓▓


You could see a reaper.

Vanquished Creatures
  2 greater mummies (D)
  A thrashing horror (D)
  A deep elf knight (D)
  A harpy (shapeshifter) (D)
  An ugly thing (D)
  2 orc sorcerers (D)
  3 deep elf magi (D)
  A guardian mummy (D)
  5 merfolk (D)
  2 jumping spiders (D)
  Sigmund (D)
  A tarantella (D)
  2 ushabtiu (D)
  3 spriggans (D)
  A water elemental (D)
  2 water moccasins (shapeshifter) (D)
  A black bear (D)
  A necrophage (D)
  4 wolves (D)
  3 scorpions (D)
  2 wights (D)
  An iron imp (D)
  2 orc priests (D)
  An orc wizard (D)
  Jessica (D)
  2 mummies (D)
  A shadow imp (D)
  2 white imps (D)
  An adder zombie (D)
  3 adder skeletons (D)
  A bat skeleton (D)
  3 bat zombies (D)
  A ball python skeleton (D)
  2 giant cockroach zombies (D)
  A jackal skeleton (D)
  A leopard gecko skeleton (D)
  A quokka zombie (D)
64 creatures vanquished.

Notes
Turn   | Place    | Note
-------+----------+-------------------------------------------
     0 | D        | Fang the Gargoyle Berserker began the quest for the Orb.
     0 | D        | Reached XP level 1. HP: 14/14 MP: 1/1
     2 | D        | Found a blossoming altar of Fedhas.
     3 | D        | Found the +6 Majin-Bo {vamp, Archmagi MP+6 Int+6}
     3 | D        | Found the +7 great mace "Firestarter" {inner flame, rF++}
     3 | D        | Found a viscous altar of Jiyva.
     3 | D        | Found a hazy altar of Hepliaklqana.
     3 | D        | Found a transporter.
     3 | D        | Found an opulent altar of Gozag.
     3 | D        | Found an ancient bone altar of Kikubaaqudgha.
     3 | D        | Found a corrupted altar of Lugonu.
    10 | D        | Found a burning altar of Makhleb.
    11 | D        | Found a stormy altar of Qazlal.
    11 | D        | Found an iron altar of Okawaru.
    11 | D        | Found a sacrificial altar of Ru.
    11 | D        | Found a sparkling altar of Nemelex Xobeh.
    11 | D        | Found a shimmering blue altar of Sif Muna.
    11 | D        | Found a bloodstained altar of Trog.
    44 | D        | Found the +9 heavy crossbow "Sniper" {velocity, Acc+∞ SInv}
    44 | D        | Found the +10 dark maul {crush}
    44 | D        | Found the +15 Maxwell's patent armour {-Cast -Tele rElec
                  | MR+ rCorr}
    44 | D        | Found the +18 shield of the Gong {rElec rN+ MR+ EV-5}
    44 | D        | Found the cursed +14 obsidian axe {chop, +Fly SInv *Curse}
    97 | D        | Entered arena 2.
    97 | D        | Noticed Sigmund
    97 | D        | Noticed Jessica
    97 | D        | Found a transporter.
   101 | D        | Killed Jessica
   101 | D        | Reached XP level 2. HP: 20/20 MP: 2/2
   101 | D        | Reached XP level 3. HP: 24/24 MP: 3/3
   119 | D        | Killed Sigmund
   119 | D        | Reached ** piety under Trog
   119 | D        | Reached skill level 5 in Axes
   119 | D        | Reached skill level 5 in Armour
   119 | D        | Reached skill level 5 in Shields
   119 | D        | Reached XP level 4. HP: 11/32 MP: 4/4
   119 | D        | Reached XP level 5. HP: 12/36 MP: 5/5
   316 | D        | Entered arena 3.
   316 | D        | Found a transporter.
   320 | D        | Reached XP level 6. HP: 24/42 MP: 6/6
   322 | D        | Reached *** piety under Trog
   452 | D        | Entered arena 4.
   452 | D        | Noticed a necrophage
   452 | D        | Found a transporter.
   455 | D        | Reached skill level 5 in Dodging
   462 | D        | Killed a necrophage
   462 | D        | Reached **** piety under Trog
   476 | D        | Entered arena 5.
   476 | D        | Noticed an acid dragon
   476 | D        | Noticed a water moccasin
   476 | D        | Noticed a harpy
   476 | D        | Noticed a red ugly thing
   476 | D        | Found a transporter.
   477 | D        | Killed a harpy
   477 | D        | Reached XP level 7. HP: 51/51 MP: 7/7
   483 | D        | Killed a red ugly thing
   483 | D        | Reached XP level 8. HP: 56/56 MP: 8/8
   483 | D        | Reached ***** piety under Trog
   524 | D        | Got the ring "Kiraefew" {*Drain +Fly rElec rF+ Stlth+}
   619 | D        | Entered arena 6.
   619 | D        | Noticed a merfolk
   619 | D        | Noticed a merfolk
   619 | D        | Noticed a merfolk
   619 | D        | Noticed a merfolk
   619 | D        | Noticed a merfolk
   619 | D        | Found a transporter.
   628 | D        | Killed a merfolk
   628 | D        | Reached skill level 10 in Fighting
   630 | D        | Killed a merfolk
   630 | D        | Reached skill level 10 in Armour
   630 | D        | Reached XP level 9. HP: 61/63 MP: 9/9
   638 | D        | Killed a merfolk
   638 | D        | Reached skill level 10 in Shields
   644 | D        | Killed a merfolk
   648 | D        | Killed a merfolk
   702 | D        | Entered arena 7.
   702 | D        | Noticed a thrashing horror
   703 | D        | Found a transporter.
   708 | D        | Received a gift from Trog
   709 | D        | Killed a thrashing horror
   730 | D        | Got the +4 war axe of the Lurker {chop, *Corrode rPois
                  | rN+++ MR- Dex+4}
   838 | D        | Entered arena 8.
   838 | D        | Noticed a jumping spider
   838 | D        | Noticed a jumping spider
   839 | D        | Found a transporter.
   841 | D        | Killed a jumping spider
   841 | D        | Reached XP level 10. HP: 61/70 MP: 10/10
   846 | D        | Reached skill level 10 in Axes
   847 | D        | Reached ****** piety under Trog
   850 | D        | Received a gift from Trog
   897 | D        | Entered arena 9.
   897 | D        | Noticed a deep elf mage
   897 | D        | Noticed a deep elf knight
   897 | D        | Noticed an orc sorcerer
   897 | D        | Noticed an orc sorcerer
   897 | D        | Noticed a deep elf mage
   897 | D        | Noticed a deep elf mage
   898 | D        | Found a transporter.
   899 | D        | Noticed a sixfirhy
   903 | D        | Noticed a smoke demon
   903 | D        | Killed an orc sorcerer
   906 | D        | Killed an orc sorcerer
   912 | D        | Killed a deep elf knight
   913 | D        | Killed a deep elf mage
   913 | D        | Received a gift from Trog
   920 | D        | Killed a deep elf mage
   925 | D        | Killed a deep elf mage
   925 | D        | Reached skill level 10 in Dodging
   925 | D        | Reached XP level 11. HP: 20/77 MP: 11/11
  1136 | D        | Entered arena 10.
  1137 | D        | Found a transporter.
  1140 | D        | Received a gift from Trog
  1162 | D        | Entered arena 11.
  1163 | D        | Found the +10 morningstar "Eos" {elec, Halo rElec}
  1163 | D        | Found a transporter.
  1164 | D        | Received a gift from Trog
  1181 | D        | Entered arena 12.
  1181 | D        | Noticed a greater mummy
  1182 | D        | Noticed a greater mummy
  1184 | D        | Noticed a flayed ghost
  1184 | D        | Noticed a jiangshi
  1185 | D        | Received a gift from Trog
  1185 | D        | Noticed a flayed ghost
  1194 | D        | Noticed a phantasmal warrior
  1194 | D        | Noticed a flayed ghost
  1213 | D        | Noticed a sixfirhy
  1214 | D        | HP: 4/117 [sixfirhy[a greater mummy] (3)]
  1218 | D        | Killed a greater mummy
  1218 | D        | Noticed a reaper
  1220 | D        | Killed a greater mummy
  1220 | D        | Received a gift from Trog
  1220 | D        | Reached skill level 15 in Fighting
  1220 | D        | Reached skill level 15 in Armour
  1220 | D        | Reached XP level 12. HP: 6/88 MP: 12/12
  1227 | D        | Mangled by a reaper

Levels and vault maps discovered:
D:        sprint_v [room_start, room_1, room_2, room_3, room_4, room_5, room_6,
          room_7, room_8, room_9, room_10, room_11, room_12, room_13, room_14,
          room_15, room_16, room_17, room_18, room_19, room_20, room_21,
          room_22, room_23, room_24, room_25, room_26, room_27]

Skill      XL: |  1  2  3  4  5  6  7  8  9 10 11 |
---------------+----------------------------------+-----
Fighting       | 4 6 9 10 11 12 15 | 15.2
Axes           | 3 5 7 8 9 11 13 | 13.1
Armour         | 3 5 6 8 9 10 11 12 15 | 15.0
Dodging        | 2 4 6 7 8 10 12 | 12.0
Shields        | 2 5 8 9 11 12 14 | 14.9

Action                   |  1- 3 |  4- 6 |  7- 9 | 10-12 || total
-------------------------+-------+-------+-------+-------++-------
Melee: Broad axe         |    17 |    14 |    39 |    84 ||   154
Invok: Berserk           |     1 |       |     2 |     2 ||     5
       Trog's Hand       |       |       |       |     1 ||     1
  Use: Scroll            |       |     1 |       |       ||     1
  Eat: Chunk             |       |       |     1 |     1 ||     2
       Ration            |       |       |     1 |       ||     1
Armor: Plate armour      |    13 |     3 |    22 |    64 ||   102
Dodge: Dodged            |     1 |       |     6 |    24 ||    31
Block: Shield            |    11 |    13 |    92 |   186 ||   302
